Cogmind - Beta 13 @@@ ROGUE MODE // 2024.05.23 @ 12:23:58 Player: Crackrock_Steady Result: Core destroyed Performance ------------- Evolutions (2) 1000 Regions Visited (5) 1000 Robots Destroyed (51) 255 Value Destroyed (1476) 1476 Prototype IDs (7) 140 Alien Tech Used (0) 0 Bonus (19) 19 TOTAL SCORE: 3890 Bonus ------- High Alert Combat Kills 19 Cogmind --------- Core Integrity 0/550 Matter 219/300 Energy 123/240 System Corruption 0% Temperature Critical (511) Movement Treading (400) Ox3 Location -8/Storage Parts ------- > --- POWER (1) -------- Nuclear Core > --- PROPULSION (2) --- Light Treads Compact Wheel > --- UTILITY (5) ------ Huge Storage Unit Weight Redist. System > --- WEAPON (3) ------- Advanced Beam Cannon Assault Cannon Assault Cannon > --- INVENTORY (25) --- Light Treads Particle Cannon Assault Cannon Assault Cannon Rocket Launcher Katana Peak State ------------ > --- POWER ------------ Improved Ion Engine > --- PROPULSION ------- Light Treads Light Treads > --- UTILITY ---------- Recoil Stabilizer Light Armor Plating Heavy Armor Plating Hacking Suite > --- WEAPON ----------- Heavy EM Shotgun Assault Cannon Flak Cannon > --- INVENTORY -------- Nuclear Core Weight Redist. System Improved Light Cannon Rocket Launcher Katana [Rating: 28] Favorites ----------- Power Ion Engine Engine Ion Engine Power Core Nuclear Core Propulsion Light Treads Treads Light Treads Leg Aluminum Leg Wheel Compact Wheel Utility Small Storage Unit Device ECM Suite Storage Small Storage Unit Hackware Hacking Suite Protection Heavy Armor Plating Weapon Assault Rifle Energy Gun Heavy EM Shotgun Energy Cannon Advanced Beam Cannon Ballistic Gun Assault Rifle Ballistic Cannon Assault Cannon Slashing Weapon Katana Build | -11 -10 -10 -9 -8 -8 ------- Run | Yrd Mat Min Mat Mat Sto Slots Evolved 4 | . . . 2 2 . Power . | . . . . . . Propulsion . | . . . . . . Utility 3 | . . . 1 2 . Weapon 1 | . . . 1 . . Parts Attached 55 | 7 . 3 26 6 13 Power 5 | 1 . 1 2 . 1 Engine 4 | 1 . 1 2 . . Core 1 | . . . . . 1 Reactor . | . . . . . . Propulsion 14 | 2 . 1 7 . 4 Treads 8 | 2 . . 4 . 2 Leg 3 | . . . 3 . . Wheel 3 | . . 1 . . 2 Hover . | . . . . . . Flight . | . . . . . . Utility 11 | 2 . . 4 2 3 Device 6 | 1 . . 2 1 2 Storage 2 | 1 . . . . 1 Processor . | . . . . . . Hackware 1 | . . . 1 . . Protection 2 | . . . 1 1 . Artifact . | . . . . . . Weapon 25 | 2 . 1 13 4 5 Energy Gun 12 | 1 . . 11 . . Energy Cannon 2 | . . . . 1 1 Ballistic Gun 4 | 1 . 1 2 . . Ballistic Cannon 5 | . . . . 2 3 Launcher . | . . . . . . Special Weapon . | . . . . . . Impact Weapon . | . . . . . . Slashing Weapon 2 | . . . . 1 1 Piercing Weapon . | . . . . . . Special Melee Weapon . | . . . . . . Unidentified Prototypes 2 | . . . 1 . 1 Parts Lost 20 | . . 4 6 8 2 Power 2 | . . 1 . 1 . Propulsion 6 | . . 2 1 2 1 Utility 8 | . . 1 2 4 1 Weapon 4 | . . . 3 1 . Highest Loss Streak 8 | . . 3 4 8 2 To Critical Strikes . | . . . . . . Average Slot Usage (%) 87 | . 100 93 93 87 61 Engine 9 | . 14 14 11 8 . Core 1 | . . . . . 8 Treads 14 | . 28 23 9 17 1 Leg 2 | . . . 7 . . Wheel 1 | . . . . . 5 Device 10 | . 14 11 9 8 12 Storage 8 | . 14 14 9 . 7 Hackware 5 | . . . 11 8 . Protection 4 | . . . 1 17 . Energy Gun 14 | . 14 11 22 11 . Energy Cannon 1 | . . . . . 5 Ballistic Gun 8 | . 14 16 9 3 . Ballistic Cannon 5 | . . . . 11 17 Naked Turns . | . . . . . . Heaviest Build 102 | 13 13 15 32 41 102 Greatest Support 40 | 40 40 40 40 40 38 Greatest Overweight (x) 11 | 3 . 4 1 3 11 Average Overweight (x) . | 1 . . . . 3 Largest Inventory Capacity 25 | 8 8 8 8 5 25 Average Capacity 9 | 7 8 8 7 5 20 Most Carried 8 | 5 7 7 8 5 7 Average Carried 5 | 3 3 5 6 4 4 Final Capacity 25 | 8 8 8 5 5 25 Final Carried 7 | 2 7 5 5 4 6 Class Distribution -------------------- 39% | Mutant 23% | Scavenger-Tank 21% | Scavenger-Gunner 13% | Gunner Dominant Class ---------------- Mutant | -10/Materials Mutant | -10/Mines Scavenger-Gunner | -9/Materials Scavenger-Tank | -8/Materials Gunner | -8/Storage Resources | -11 -10 -10 -9 -8 -8 ----------- Run | Yrd Mat Min Mat Mat Sto Matter Collected 1286 | 309 54 78 390 136 319 Remotely 91 | . . . . . 91 Salvage Created 1988 | 139 146 62 927 310 404 Parts 117 | 10 5 . 65 14 23 Haulers Intercepted 2 | . 1 . . . 1 Recyclers Shooed 1 | . 1 . . . . Parts Field Recycled . | . . . . . . Retrieved Matter . | . . . . . . Parts Self-Destructed . | . . . . . . Prevented . | . . . . . . Kills | -11 -10 -10 -9 -8 -8 ------- Run | Yrd Mat Min Mat Mat Sto Combat Hostiles Destroyed 42 | . 2 5 23 7 5 Guns 33 | . 2 5 21 5 . Cannons 7 | . . . . 2 5 AOE 2 | . . . 2 . . Classes Destroyed 12 | 2 3 2 4 . 1 Worker 2 | . . . 1 . 1 Builder 1 | . . . 1 . . Tunneler 4 | 4 . . . . . Hauler 2 | . 1 . . . 1 Recycler 3 | 1 . . . . 2 Operator 1 | . 1 . . . . Swarmer 5 | . . . 4 1 . Grunt 24 | . 2 . 15 4 3 Sentry 7 | . . . 4 2 1 Demolisher 1 | . . 1 . . . Hunter 1 | . . . . . 1 Assembled 4 | . . 4 . . . Best Kill Streak 7 | 3 2 2 7 4 3 Combat Bots Only 7 | . 2 2 7 4 3 Max Kills in Single Turn 3 | 1 1 1 3 1 2 Gunslinging 1 | . . . 1 . . Exploded 2 | . . . 2 . . Melee . | . . . . . . Uniques/NPCs Destroyed . | . . . . . . Combat | -11 -10 -10 -9 -8 -8 -------- Run | Yrd Mat Min Mat Mat Sto Hostile Shots Fired 261 | . 10 28 103 85 35 Missed 42 | . 1 3 26 6 6 Damage Taken 3840 | . 97 581 1290 1324 548 Core 863 | . . 94 210 385 174 Absorbed by Shields . | . . . . . . Core Remaining (%) 69 | 100 . 62 47 . . Volleys Fired 122 | 13 18 20 42 19 10 Largest 3 | 2 2 2 3 3 3 Hottest 171 | 70 70 70 171 138 156 Shots Fired 301 | 26 36 40 119 51 29 Gun 252 | 26 36 40 119 31 . Cannon 49 | . . . . 20 29 Launcher . | . . . . . . Special . | . . . . . . Kinetic 143 | 13 18 24 43 25 20 Thermal 115 | 13 18 16 52 7 9 Explosive . | . . . . . . Electromagnetic 43 | . . . 24 19 . Robot Hit Streak 14 | 4 7 6 13 14 8 Robot Miss Streak 3 | 2 3 3 3 3 3 Penetration Max . | . . . . . . Secondary Targets 7 | . . 1 6 . . Max Gunslinging Chain 1 | . . 1 1 . . Shots Hit Robots 207 | 18 20 24 81 41 23 Core Hits 91 | 6 7 9 36 21 12 Critical Kills . | . . . . . . Critical Parts Destroyed 1 | . . 1 . . . Critical Strikes 10 | 1 . 3 4 2 . Burn 8 | 1 . 2 4 1 . Destroy 1 | . . 1 . . . Blast 1 | . . . . 1 . Melee Attacks 8 | . . . . 2 6 Impact . | . . . . . . Slashing 8 | . . . . 2 6 Piercing . | . . . . . . Sneak Attacks 6 | . . . . . 6 Combat Hostiles . | . . . . . . Follow-up Attacks . | . . . . . . Damage Inflicted 3575 | 226 268 299 1203 771 808 Guns 2426 | 226 268 299 1135 498 . Cannons 697 | . . . . 273 424 Explosions 65 | . . . 65 . . Melee 384 | . . . . . 384 Ramming 3 | . . . 3 . . Kinetic 1330 | 104 113 188 316 333 276 Thermal 1152 | 122 155 111 528 88 148 Explosive . | . . . . . . Electromagnetic 706 | . . . 356 350 . Impact . | . . . . . . Slashing 384 | . . . . . 384 Piercing . | . . . . . . Highest Corruption 12 | . . 4 12 . . Average Corruption 9 | . . 3 12 . . Corruption Purged . | . . . . . . Corruption Blocked . | . . . . . . Effects 6 | . . 1 5 . . Message Errors 2 | . . . 2 . . Matter Fused 2 | . . . 2 . . Parts Rejected 1 | . . 1 . . . Data Loss (minor) 1 | . . . 1 . . Overload Shots . | . . . . . . Overflow Damage 62 | . . . . . 62 Projectiles . | . . . . . . Explosions . | . . . . . . Melee 62 | . . . . . 62 Knockbacks 8 | . . . . 3 5 Impact . | . . . . . . Kinetic 7 | . . . . 3 4 Secondary 1 | . . . . . 1 Self-Inflicted Damage 9 | . . . 9 . . Shots 1 | . . . 1 . . Rammed . | . . . . . . Targets Rammed 1 | . . . 1 . . Kicked 1 | . . . 1 . . Crushed . | . . . . . . Highest Temperature 732 | 36 117 87 551 732 601 Average Temperature 168 | 15 33 36 171 316 247 Received Heat Transfer 1365 | . 54 159 396 603 153 Effects 41 | . . . 9 23 9 Shutdowns 6 | . . . 2 3 1 Energy Bleed 7 | . . . 1 4 2 Interference 9 | . . . 4 3 2 Matter Decay 5 | . . . 1 3 1 Short Circuit 3 | . . . 1 2 . Damage (minor) 2 | . . . . 1 1 Damage (major) 4 | . . . . 4 . Damage (core) 5 | . . . . 3 2 Siege Activations . | . . . . . . Robots Corrupted . | . . . . . . Combat Hostiles . | . . . . . . Parts Fried . | . . . . . . Impact Corruptions . | . . . . . . Robots Melted . | . . . . . . Combat Hostiles . | . . . . . . Parts Melted 5 | 1 . . 4 . . Heat Transferred 3408 | 444 444 481 1484 296 259 Parts Sabotaged . | . . . . . . Parts Stolen . | . . . . . . Parts Stripped . | . . . . . . Power Chain Reactions 1 | . . . 1 . . Alert | -11 -10 -10 -9 -8 -8 ------- Run | Yrd Mat Min Mat Mat Sto Peak Influence 442 | 25 100 79 442 281 227 Initial 122 | . 16 39 18 122 62 Average 134 | 12 41 62 207 195 87 Maximum Alert Level 2 | . . . 2 1 1 Low Security (%) 70 | 100 100 100 44 42 97 Level 1 27 | . . . 49 57 2 Level 2 1 | . . . 5 . . Level 3 . | . . . . . . Level 4 . | . . . . . . Level 5 . | . . . . . . High Security . | . . . . . . Max Security . | . . . . . . Squads Dispatched 8 | . 1 . 4 2 1 Investigation 5 | . . . 3 1 1 Extermination . | . . . . . . Reinforcement 3 | . 1 . 1 1 . Assault . | . . . . . . Garrison . | . . . . . . Intercept . | . . . . . . Searches Triggered . | . . . . . . Construction Impeded . | . . . . . . Haulers Reinforced . | . . . . . . Active Scanning Responses . | . . . . . . Cargo Convoy Interrupts . | . . . . . . Stealth | -11 -10 -10 -9 -8 -8 --------- Run | Yrd Mat Min Mat Mat Sto Distress Signals 2 | . . . 1 1 . Communications Jammed . | . . . . . . Distress Signals . | . . . . . . Times Spotted 65 | . 5 8 28 19 5 Peak Tracking Total 14 | . 2 6 6 14 3 Tactical Retreats 7 | . . . 4 3 . Traps | -11 -10 -10 -9 -8 -8 ------- Run | Yrd Mat Min Mat Mat Sto Traps Triggered . | . . . . . . Indirectly . | . . . . . . Trap Hack Attempts . | . . . . . . Triggered . | . . . . . . Disarmed . | . . . . . . Reprogrammed . | . . . . . . Reused . | . . . . . . Traps Extracted . | . . . . . . Installed . | . . . . . . Triggered . | . . . . . . Machines | -11 -10 -10 -9 -8 -8 ---------- Run | Yrd Mat Min Mat Mat Sto Machines Disabled 1 | . . . . . 1 Max in Single Turn 1 | . . . . . 1 Machines Repaired . | . . . . . . Machines Dismantled . | . . . . . . Machines Sabotaged . | . . . . . . Overloaded Fab Kills . | . . . . . . Hacking | -11 -10 -10 -9 -8 -8 --------- Run | Yrd Mat Min Mat Mat Sto Machines Accessed 10 | . 1 . 5 3 1 Terminals 8 | . 1 . 4 2 1 Fabricators . | . . . . . . Repair Stations . | . . . . . . Recycling Units . | . . . . . . Scanalyzers 2 | . . . 1 1 . Garrison Access . | . . . . . . Total Hacks 32 | . 2 . 17 10 3 Successful 15 | . 1 . 7 7 . Failed 16 | . 1 . 9 3 3 Catastrophic 1 | . . . 1 . . Database Lockouts 1 | . . . 1 . . Manual 12 | . 2 . 7 3 . Terminals 24 | . 2 . 13 6 3 Fabricators . | . . . . . . Repair Stations . | . . . . . . Recycling Units . | . . . . . . Scanalyzers 8 | . . . 4 4 . Garrison Access . | . . . . . . Terminal Hacks 7 | . 1 . 3 3 . Robot Analysis 4 | . 1 . 2 1 . Prototype ID Bank 2 | . . . 1 1 . Zone Layout 1 | . . . . 1 . Fabricator Hacks . | . . . . . . Repair Station Hacks . | . . . . . . Recycling Unit Hacks . | . . . . . . Scanalyzer 8 | . . . 4 4 . Insert Component 4 | . . . 2 2 . Analyze 4 | . . . 2 2 . Garrison Access Hacks . | . . . . . . Unauthorized Hacks . | . . . . . . Terminals . | . . . . . . Fabricators . | . . . . . . Repair Stations . | . . . . . . Recycling Units . | . . . . . . Scanalyzers . | . . . . . . Garrison Access . | . . . . . . Data Cores Recovered . | . . . . . . Used . | . . . . . . Hacking Detections 10 | . 1 . 5 3 1 Full Trace Events 8 | . . . 5 2 1 Feedback Events . | . . . . . . Feedback Blocked . | . . . . . . Robot Schematics Acquired . | . . . . . . Robots Built . | . . . . . . Authchips . | . . . . . . Time . | . . . . . . Total Robot Build Rating . | . . . . . . Part Schematics Acquired 3 | . . . 2 1 . Parts Built . | . . . . . . Authchips . | . . . . . . Time . | . . . . . . Total Part Build Rating . | . . . . . . Parts Repaired . | . . . . . . Time . | . . . . . . Parts Recycled . | . . . . . . Recycled Matter . | . . . . . . Retrieved Matter . | . . . . . . Retrieved Components . | . . . . . . Parts Scanalyzed 4 | . . . 2 2 . Part Schematics Acquired 3 | . . . 2 1 . Parts Damaged . | . . . . . . Bothacking | -11 -10 -10 -9 -8 -8 ------------ Run | Yrd Mat Min Mat Mat Sto Used RIF Installer . | . . . . . . Robots Hacked . | . . . . . . Non-combat . | . . . . . . Combat . | . . . . . . Robot Hacks Applied . | . . . . . . Relay Couplers Released . | . . . . . . Fabnet Peak Effective % . | . . . . . . Robots Rewired . | . . . . . . Allies Hacked . | . . . . . . Hacks Repelled . | . . . . . . Allies | -11 -10 -10 -9 -8 -8 -------- Run | Yrd Mat Min Mat Mat Sto Total Allies . | . . . . . . Largest Group . | . . . . . . Highest-Rated Group . | . . . . . . Highest-Rated Ally . | . . . . . . Total Orders . | . . . . . . Ally Attacks . | . . . . . . Total Damage . | . . . . . . Kills . | . . . . . . Allies Corrupted . | . . . . . . Allies Melted . | . . . . . . Intel | -11 -10 -10 -9 -8 -8 ------- Run | Yrd Mat Min Mat Mat Sto Robot Analysis Total 4 | . 1 . 2 1 . Derelict Logs Recovered . | . . . . . . Drone Launches . | . . . . . . Drone Recoveries . | . . . . . . Exploration | -11 -10 -10 -9 -8 -8 ------------- Run | Yrd Mat Min Mat Mat Sto Turns Passed 2440 | 205 224 374 814 477 346 Spaces Moved 1009 | 89 104 191 357 152 116 Core 138 | 56 . 14 . 4 64 Treads 651 | 33 104 163 197 148 6 Legs 129 | . . . 129 . . Wheels 91 | . . 14 31 . 46 Hover . | . . . . . . Flight . | . . . . . . Fastest Speed 50 | 50 160 95 95 160 100 Average Speed 172 | 170 160 161 156 206 210 Slowest Speed 600 | 200 160 250 240 240 600 Overloaded Moves . | . . . . . . Propulsion Burnouts . | . . . . . . Robots Hopped . | . . . . . . Cave-ins Triggered 1 | . . . 1 . . Exploration Rate (%) 25 | 5 27 48 29 24 18 Regions Visited 5 Branch Regions 2 Pre-discovered Areas . | . . . . . . Known Exits Taken . | . . . . . . Unknown Exits Taken 5 | 1 1 1 1 1 . Scrap Searched . | . . . . . . Spaces Dug 1 | . . . . 1 . Terrain Destroyed 11 | . . . 6 3 2 Melee 1 | . . . . 1 . Projectile 4 | . . . . 2 2 AOE 6 | . . . 6 . . Terrain Rammed . | . . . . . . Walls Destroyed . | . . . . . . Machines Disabled . | . . . . . . Actions | -11 -10 -10 -9 -8 -8 --------- Run | Yrd Mat Min Mat Mat Sto Total 1440 | 117 126 215 523 272 187 Wait 176 | . . 1 59 88 28 Move 1004 | 88 103 190 356 151 116 Hop . | . . . . . . Pick Up 50 | 9 5 1 21 3 11 Fast Attach 5 | . . . 3 2 . Attach 33 | 7 . 3 10 3 10 Detach 1 | . . . . . 1 Swap 17 | . . . 13 1 3 Drop 23 | . . . 18 3 2 Fire 122 | 13 18 20 42 19 10 Melee 8 | . . . . 2 6 Ram . | . . . . . . Kick 1 | . . . 1 . . Crush . | . . . . . . Escape Stasis . | . . . . . . Rewire . | . . . . . . Trap . | . . . . . . Miscellaneous . | . . . . . . Route ------- -11/Scrapyard -10/Materials -10/Mines -9/Materials -8/Materials -8/Storage History --------- Turn | Location | Event 9 | -11/Scrapyard | Discovered new exit (range 15) 206 | -11/Scrapyard | Entered Materials 302 | -10/Materials | Build established: Mutant 359 | -10/Materials | Discovered new exit (range 16) 430 | -10/Materials | Entered Mines 431 | -10/Mines | Assembled infested the area 436 | -10/Mines | Assisted by a Guerilla fighting off Assembled 775 | -10/Mines | Lost 3 parts (2n1u) 800 | -10/Mines | Discovered new exit (range 4) 804 | -10/Mines | Entered Materials 804 | -9/Materials | Evolved 2 slots: Utility x1, Weapon x1 1454 | -9/Materials | Discovered new exit (range 15) 1465 | -9/Materials | Central database locked down 1496 | -9/Materials | Crushed by falling debris 1496 | -9/Materials | Core integrity fell below 50% 1496 | -9/Materials | System corruption reached 10% 1520 | -9/Materials | Destroyed 7 combat bots 1529 | -9/Materials | Lost 4 parts (1n2u1w) 1618 | -9/Materials | Entered another Materials area 1618 | -8/Materials | Evolved 2 slots: Utility x2 1800 | -8/Materials | Build established: Scavenger-Tank 2033 | -8/Materials | Discovered new exit (range 6) 2092 | -8/Materials | Core integrity fell below 50% 2095 | -8/Materials | Entered Storage 2119 | -8/Storage | Lost 8 parts (1p2n4u1w) 2440 | -8/Storage | Core integrity fell below 20% 2442 | -8/Storage | Core destroyed Last Messages --------------- 02424_ Com. Wheel destroyed. 02425_ Acquired 1 matter. 02427_ Component Storage disabled. 02428_ Tractor Beam destroyed. 02433_ Overheating: Energy bleed (-55). 02433_ G-47 Trooper destroyed. 02434_ Power failure, Nuclear Core shutdown. 02434_ Overheating: System interference. 02434_ Adv. Beam Cannon temporarily disabled. 02435_ Overheating: Assault Cannon damaged (-36). 02436_ Overheating: Matter decay (-32). 02437_ Overheating: Energy bleed (-34). 02437_ G-47 Trooper destroyed. 02437_ U-05 Engineer builds a Door. 02439_ U-05 Engineer builds a Wall. 02440_ Overheating: Core damaged (-71). 02441_ U-05 Engineer builds a Wall. 02442_ Overheating: Core damaged (-71). Map ----- +----------------------------------------------------+ | ????????????########## #?????? | | ?????????????????????# #?????? | | ?????????????????????# #?????? | | ???????############### #?????? | | ???????# # #?????? | | ???????# | + #?????? | | ???????# # #?????? | | ???????# # #?????? | | ???????#! * # #?????? | | ???????# # #?????? | | ???????############### #?????? | | ?????????????????????# ###???? | | ?????????????????????# #T#???? | | ?????????????????????# + "???? | | ?????????????????????# ###???? | | ?????????????????????# #?????? | | ?????????????????????# #?????? | | ?????????????????????# #?????? | | ?????????????????????# #?????? | | ?????????????????????# #?????? | | ?????????????????????# #?????? | | ?????????????????????# ####### | | ?????????????????????# # # | | ?????????????????????# % # """ # | | ?????????????????????# %#!""" # | | ?????????????????????# u@%="" # | | ?????????????###+##### %#u" "=# | | ?????? % r %[ ""%%# | | ?????? ! r%% # = # | | ?????? u # # | | ???????/ =############## # | | ???????#?????????????????# # | | ?????????????????????????# # | | ?????????????????????????# = # | | ?????????????????????????####### | | ???????????????????????????????? | | ???????????????????????????????? | | ???????????????????????????????? | | ???????????????????????????????? | | ???????????????????????????????? | | ???????????????????????????????? | | ???????????????????????????????? | | ???????????????????????????????? | | ???????????????????????????????? | | ???????????????????????????????? | | ???????????????????????????????? | | ???????????????????????????????? | | ???????????????????????????????? | | ???????????????????????????????? | | ???????????????????????????????? | +----------------------------------------------------+ Best States ------------- Heat Dissipation 31 Energy Generation 14 Energy Capacity 265 Matter Stores 300 Matter Capacity 300 Sight Range 16 Terrain Scan Density 10 ECM Strength 1 Additional Mass Support 6 Armor Coverage 750 Evasion (%) 55 Recoil Reduction 6 Offensive Hacking 10 Item Schematics ----------------- Hvy. Armor Plating | -9/Materials | Scanalyzed Rocket Launcher | -9/Materials | Scanalyzed Nuclear Core | -8/Materials | Scanalyzed Robot Schematics ------------------ None Fabricated ------------ Nothing Alien Tech Used ----------------- None Achievements -------------- None Challenges ------------ None Game ------ Seed LatentPropulsionCharge Manual? 0 Play Time 00:25:45 Cumulative 20.0 hours Start 2024.05.23 @ 12:00:41 End 2024.05.23 @ 12:23:58 Sessions 1 Manual Loads 0 Difficulty Rogue Special Mode None Game No. 45 Rogue 45 Adventurer 0 Explorer 0 Win Type - Total 0 Types 0/0/0/0/0/0/0/0/0 Lore% 25 Gallery% 22 Achievement% 21 Wizard Run 0 Options --------- Layout 1 ASCII 0 Keyboard 0 Movement Mouse Keybinds 0 Fullscreen 2 Font 24/Smallcaps Map View 50x35 Zoom Use 0% Tactical HUD 1 Map Filters NONE Filters NONE Steam 1 RUN: f5522cd7-26b3-4672-8d24-33fb28530ead